 Dungeon Crawl Stone Soup version 0.18-a0-846-g91b95b1 (webtiles) character file.

780 dorian the Destroyer (level 7, 0/41 HPs)
             Began as an Octopode Conjurer on Dec 20, 2015.
             Was an Initiate of Vehumet.
             Slain by kal9871's ghost (5 damage)
             ... on level 4 of the Dungeon.
             The game lasted 00:11:02 (4512 turns).

dorian the Destroyer (Octopode Conjurer)            Turns: 4512, Time: 00:11:02

Health: 0/41       AC:  1    Str:  7    XL:     7   Next: 85%
Magic:  2/14       EV: 12    Int: 20    God:    Vehumet [......]
Gold:   76         SH:  0    Dex: 12    Spells: 4 memorised, 4 levels left

rFire  . . .     SeeInvis .     (no weapon)
rCold  . . .     Gourm    .     (no shield)
rNeg   . . .     Faith    .     (helmet restricted)
rPois  .         Spirit   .     (no amulet)
rElec  .         Dismiss  .     d - ring of sustain attributes
rCorr  .         Reflect  .     (no ring)
SustAt +         Harm     .     (no ring)
MR     .....                    (no ring)
Stlth  +++.......               (no ring)
                                (no ring)
                                (no ring)
                                (no ring)

@: not resistant to hostile enchantments, fairly stealthy
A: almost no armour, amphibious, 8 rings, constrict 8, camouflage 1, gelatinous
body 1
a: Renounce Religion


You were on level 4 of the Dungeon.
You worshipped Vehumet.
Vehumet was noncommittal.
You were not hungry.

You visited 1 branch of the dungeon, and saw 4 of its levels.

You collected 166 gold pieces.
You spent 90 gold pieces at shops.

Inventory:

Jewellery
 d - a ring of sustain attributes (left tentacle)
 f - an uncursed ring of teleportation
Scrolls
 c - 6 scrolls of fog
 e - 3 scrolls of teleportation
 i - a scroll of immolation
 j - a scroll of recharging
 m - 3 scrolls of remove curse
 o - 2 scrolls of identify
Potions
 b - a potion of heal wounds {unknown}
 g - a potion of agility
 h - a potion of might {unknown}
 k - a potion of berserk rage {unknown}
 l - a potion of resistance {unknown}
 n - 2 potions of brilliance {unknown}
Books
 a - a book of Conjurations

   Spells                             Type                      Level
   a - Magic Dart                     Conjuration                  1
   b - Searing Ray                    Conjuration                  2
   c - Dazzling Spray                 Conjuration/Hexes            3
   d - Fulminant Prism                Conjuration/Hexes            4
   e - Iskenderun's Mystic Blast      Conjuration                  4
   f - Iskenderun's Battlesphere      Conjuration/Charms           5
 p - a book of Ice

   Spells                             Type                      Level
   a - Ice Form                       Ice/Transmutation            4
   b - Metabolic Englaciation         Hexes/Ice                    5
   c - Ozocubu's Refrigeration        Ice                          6
   d - Bolt of Cold                   Conjuration/Ice              6
   e - Freezing Cloud                 Conjuration/Ice/Air          6
   f - Simulacrum                     Ice/Necromancy               6
Comestibles
 q - a chunk of flesh


   Skills:
 - Level 2.0 Dodging
 - Level 2.6 Stealth
 + Level 4.8 Spellcasting
 * Level 8.0 Conjurations


You had 4 spell levels left.
You knew the following spells:

 Your Spells              Type           Power        Failure   Level  Hunger
a - Magic Dart            Conj           ####         1%          1    None
b - Searing Ray           Conj           #####.       1%          2    #......
c - Dazzling Spray        Conj/Hex       ###.....     10%         3    ##.....
d - Iskenderun's Battles  Conj/Chrm      ###.....     71%         5    ######.


Dungeon Overview and Level Annotations

Branches:
Dungeon (4/15)
 Temple: D:4-7

Altars:
Ashenzari
Kikubaaqudgha
Vehumet
Zin
The Shining One

Annotations:
D:4 kal9871's ghost, amateur CeGl


Innate Abilities, Weirdness & Mutations

You cannot wear most types of armour.
You are amphibious.
You can wear up to eight rings at the same time.
You can use your tentacles to constrict eight enemies at once.
Your skin changes colour to match your surroundings (Stealth).
Your rubbery body absorbs attacks (AC +1).


Message History

Kal9871's ghost hits you!
* * * LOW HITPOINT WARNING * * *
The searing ray hits kal9871's ghost.
Kal9871's ghost is heavily damaged.
Kal9871's ghost completely misses you.
The searing ray hits kal9871's ghost.
Kal9871's ghost is heavily damaged.
Kal9871's ghost closely misses you.
The searing ray hits kal9871's ghost.
Kal9871's ghost is severely damaged.
Kal9871's ghost barely misses you.
Casting: Searing Ray
Confirm with . or Enter, or press ? or * to list all spells.
Aiming: Searing Ray
Press: ? - help, Shift-Dir - straight line, f/p - kal9871's ghost
Aim: kal9871's ghost (severely damaged)
The searing ray hits kal9871's ghost.
Kal9871's ghost is severely damaged.
Kal9871's ghost hits you.
You die...

.### ##......#
## #......# #
#####.)...##
.###.........##
..............#
######..).....#
#.....###..#
##.#.W#####..#
#....@....##..
#####
#..#..[#..# #.
....#
#.###.###.###
..###
#..#...#.....
###
#...._.....##
#..#...#...#
##.###.###..#
#...#...#...#
#...........#


You could see kal9871's ghost.

Vanquished Creatures
  Grinder (D:4)
  A phantom (D:4)
  2 scorpions
  3 vampire bats (D:3)
  2 orc wizards (D:4)
  2 orc priests
  A worker ant (D:4)
  A hound skeleton (D:4)
  3 adders
  An ooze (D:1)
  4 worms (D:3)
  2 giant geckos (D:4)
  6 orcs
  5 bats
  A bat skeleton (D:3)
  4 bat zombies (D:3)
  4 giant cockroaches
  7 goblins
  12 hobgoblins
  8 kobolds
  7 giant newts
  5 jackals
  2 quokkas
  8 rats
92 creatures vanquished.

Notes
Turn   | Place    | Note
--------------------------------------------------------------
     0 | D:1      | dorian the Octopode Conjurer began the quest for the Orb.
     0 | D:1      | Reached XP level 1. HP: 11/11 MP: 3/3
   173 | D:1      | Reached XP level 2. HP: 15/17 MP: 0/5
   334 | D:1      | Found a glowing golden altar of the Shining One.
   650 | D:1      | Reached XP level 3. HP: 13/21 MP: 2/6
  1523 | D:2      | Found a shattered altar of Ashenzari.
  1643 | D:2      | Found a faded altar to an unknown god.
  1762 | D:2      | Learned a level 2 spell: Searing Ray
  1766 | D:2      | Learned a level 3 spell: Dazzling Spray
  1833 | D:3      | Found Zin's Purification Station.
  1836 | D:3      | Found a glowing silver altar of Zin.
  1839 | D:3      | Bought a potion of curing for 90 gold pieces
  1925 | D:3      | Reached XP level 4. HP: 15/27 MP: 0/8
  2011 | D:3      | Reached skill level 5 in Conjurations
  2226 | D:3      | Reached XP level 5. HP: 13/31 MP: 1/9
  2396 | D:3      | Found an ancient bone altar of Kikubaaqudgha.
  2843 | D:3      | Reached skill level 6 in Conjurations
  2885 | D:3      | Reached XP level 6. HP: 31/36 MP: 8/11
  3515 | D:4      | Noticed Grinder
  3529 | D:4      | Killed Grinder
  3529 | D:4      | Reached skill level 7 in Conjurations
  3529 | D:4      | Reached XP level 7. HP: 41/41 MP: 0/13
  4226 | D:4      | Found a radiant altar of Vehumet.
  4231 | D:4      | Became a worshipper of Vehumet
  4326 | D:4      | Learned a level 5 spell: Iskenderun's Battlesphere
  4453 | D:4      | Reached skill level 8 in Conjurations
  4492 | D:4      | Noticed kal9871's ghost (amateur CeGl)
  4512 | D:4      | Slain by kal9871's ghost

Vault maps used:
D:1:      evilmike_arrival_home_sweet_home, tso_metal_star
D:2:      lemuel_round_altar, ecumenical_altar_1
D:3:      zin_purify, kennysheep_vampire_church, kennysheep_generic_room_2
D:4:      lightli_temple_of_fire, vehumet_crystals, serial_shops,
          nicolae_shop_behind_doors, first_bread, uniq_grinder

Action                   |  1- 3 |  4- 6 |  7- 9 || total
-------------------------+-------+-------+-------++-------
Melee: Unarmed           |    51 |    34 |    19 ||   104
 Cast: Magic Dart        |    64 |    93 |    52 ||   209
       Searing Ray       |       |     3 |     3 ||     6
  Use: Potion            |       |     2 |       ||     2
       Scroll            |       |     7 |       ||     7
 Stab: Sleeping          |     1 |     2 |       ||     3
       Distracted        |     1 |       |       ||     1
  Eat: Chunk             |     3 |     1 |       ||     4
       Pizza             |       |     1 |       ||     1
       Beef jerky        |       |     1 |     1 ||     2
       Bread ration      |       |       |     1 ||     1
